 Dungeon Crawl Stone Soup version 0.31-a0-230-g09eb5fc4d3 (webtiles) character file.

Game seed: 2104575574805900174

74 qw the Shooter (level 4, -3/26 HPs)
             Began as a Gargoyle Hexslinger on July 6, 2023.
             Slain by a gnoll bouda
             ... wielding a +0 club
              (6 damage)
             ... on level 3 of the Dungeon.
             The game lasted 00:00:53 (1519 turns).

qw the Shooter (Gargoyle Hexslinger)                Turns: 1519, Time: 00:00:53

Health: -3/26      AC:  9    Str: 12    XL:     4   Next: 28%
Magic:  5/5        EV: 10    Int: 13    God:
Gold:   119        SH:  0    Dex: 14    Spells: 4/5 levels left

rFire   . . .        Y - +3 sling
rCold   + . .        (no shield)
rNeg    + + .        i - +0 ring mail
rPois   inf          (no helmet)
rElec   +            (no cloak)
rCorr   .            n - +0 pair of gloves
SInv    .            (no boots)
Will    .....        (no amulet)
Stlth   +            f - ring of positive energy
HPRegen 0.24/turn    l - ring of protection from cold
MPRegen 0.09/turn

%: no passive effects
@: no status effects
A: sickness immunity, AC +3, negative energy resistance 1, electricity
resistance, torment resistance 1, petrification resistance
a: no special abilities


You were on level 3 of the Dungeon.
You visited 1 branch of the dungeon, and saw 3 of its levels.

You collected 119 gold pieces.


Innate Abilities, Weirdness & Mutations

You are immune to sickness and miasma.
Your stone body is resilient. (AC +3)
You are immune to poison.
You resist negative energy. (rN+)
You are resistant to electric shocks. (rElec)
You are resistant to unholy torment.
You are immune to petrification.


   Skills:
 - Level 2.1 Fighting
 + Level 3.8 Ranged Weapons
 - Level 1.0 Armour
 - Level 1.5 Dodging
 - Level 1.0 Spellcasting
 - Level 2.6 Hexes


You had 4 spell levels left.
You knew the following spells:

 Your Spells              Type           Power      Damage    Failure   Level
a - Slow                  Hex            28%        N/A       22%         1

Your spell library contained the following spells:

 Spells                   Type           Power      Damage    Failure   Level
 Inner Flame              Hex/Fire       4%         N/A       73%         3
 Portal Projectile        Hex/Tloc       8%         N/A       73%         3
 Cause Fear               Hex            3%         N/A       91%         4

Inventory:

Hand Weapons
 Y - a +3 sling (weapon)
Armour
 i - a +0 ring mail (worn)
 n - a +0 pair of gloves (worn)
Jewellery
 f - a ring of positive energy (left hand)
 l - a ring of protection from cold (right hand)
Scrolls
 a - a scroll of identify
 b - a scroll of teleportation {unknown}
Potions
 c - a potion of cancellation {unknown}
 d - a potion of curing
 j - a potion of heal wounds {unknown}

Dungeon Overview and Level Annotations

Branches:
Dungeon (3/15)

Altars:
Xom


Message History

You shoot a sling bullet. The sling bullet hits the gnoll.
The gnoll is lightly wounded.
A nearby plant withers and dies.
1507 ||| Stepping ~*~*~tactically~*~*~ (outnumbered).
A gnoll is nearby!
You shoot a sling bullet.
The sling bullet closely misses the gnoll.
The gnoll hits you but does no damage.
1511 ||| Stepping ~*~*~tactically~*~*~ (outnumbered).
The gnoll hits you from afar with a +0 spear.
1513 ||| Stepping ~*~*~tactically~*~*~ (outnumbered).
The gnoll hits you but does no damage.
You shoot a sling bullet. The sling bullet hits the gnoll.
The gnoll is severely wounded.
The gnoll barely misses you.
You shoot a sling bullet. The sling bullet hits the gnoll.
The gnoll is moderately wounded.
The gnoll hits you from afar with a +0 spear.
The gnoll barely misses you. The gnoll hits you but does no damage.
You shoot a sling bullet.
The sling bullet hits the gnoll but does no damage.
The gnoll is moderately wounded.
The gnoll hits you but does no damage.
You shoot a sling bullet.
The sling bullet barely misses the gnoll.
The gnoll bouda hits you with a +0 club.
The gnoll hits you with a +0 spear. The gnoll closely misses you.
The gnoll hits you with a +0 spear.
The gnoll bouda hits you with a +0 club.
You shoot a sling bullet. The sling bullet hits the gnoll.
The gnoll is severely wounded.
The gnoll closely misses you. The gnoll hits you with a +0 spear.
The gnoll bouda barks out a call to the hunt!
The gnolls pick up the pace!
You hear a shout!
You shoot a sling bullet. The sling bullet hits the gnoll.
The gnoll is almost dead.
The gnoll hits you but does no damage. The gnoll closely misses you.
The gnoll bouda hits you with a +0 club.
You die... #.# ##.###... #.# #..##... #.# #.#[....
P.gg

.######.######.###.## ...P
...............##..#
.gP....................##
.g. ######.#########...#
#.. #g............#.... .
. #.#.#@......>...)....#
....#gg##g#..#######.#..##
...%....g.#..#######.#..#
....#..####....:........#
... #.#.###.###.........#
. #.##.....##.####.#..##
#.....................
######...##.####.#####
##..........#


You could see a gnoll bouda and 2 gnolls.

Vanquished Creatures
  An adder (D:2)
  A worm (D:2)
  2 dart slugs (D:1)
  5 endoplasms
  10 goblins
  6 hobgoblins
  3 jackals (D:2)
  5 kobolds
  2 quokkas
  5 ball pythons
  5 bats
  2 frilled lizards (D:2)
  8 rats
55 creatures vanquished.

Vanquished Creatures (others)
  A bat (D:1)
1 creature vanquished.

Grand Total: 56 creatures vanquished

Notes
Turn   | Place    | Note
-------+----------+-------------------------------------------
     0 | D:1      | qw the Gargoyle Hexslinger began the quest for the Orb.
     0 | D:1      | Reached XP level 1. HP: 12/12 MP: 2/2
     0 | D:1      | 0 ||| qw: Version: 0.3-a-46-gb1f654a
     0 | D:1      | 0 ||| qw: Game counter: 1764
     0 | D:1      | 0 ||| qw: Melee chars always use a shield: true
     0 | D:1      | 0 ||| qw: God list: Okawaru
     0 | D:1      | 0 ||| qw: Allow faded altars: false
     0 | D:1      | 0 ||| qw: Do Orc after clearing Dungeon:15 true
     0 | D:1      | 0 ||| qw: Do second Lair branch before Depths: true
     0 | D:1      | 0 ||| qw: Lair rune preference: random
     0 | D:1      | 0 ||| qw: Goals: Normal
     0 | D:1      | 0 ||| PLANNING D:1-11
   117 | D:1      | 117 ||| FLEEEEING.
   118 | D:1      | 118 ||| FLEEEEING.
   154 | D:1      | Reached XP level 2. HP: 16/16 MP: 3/3
   241 | D:1      | Reached skill level 3 in Ranged Weapons
   398 | D:1      | Reached XP level 3. HP: 18/21 MP: 4/4
   415 | D:1      | Found a faded altar of an unknown god.
   684 | D:1      | 684 ||| UPGRADING to +0 ring mail.
   694 | D:1      | 694 ||| DROPPING +0 robe.
   695 | D:1      | 695 ||| UPGRADING to +0 pair of gloves.
   700 | D:1      | 700 ||| UPGRADING to ring of positive energy.
   701 | D:1      | 701 ||| UPGRADING to ring of protection from cold.
   702 | D:1      | 702 ||| READING scroll labelled VUMAIN YHIONT.
   703 | D:1      | 703 ||| READING scroll labelled QEOJUA VUGEOGG.
   804 | D:1      | 804 ||| READING scroll labelled PACRUE ZOLIAPP.
   805 | D:1      | 805 ||| DRINKING 2 smoky puce potions.
   806 | D:1      | 806 ||| DRINKING 2 silvery potions.
   847 | D:1      | 847 ||| DRINKING 2 fuming silvery potions.
   848 | D:1      | 848 ||| DROPPING scroll of poison.
   849 | D:1      | 849 ||| DROPPING potion of lignification.
   850 | D:1      | 850 ||| DROPPING potion of invisibility.
   942 | D:2      | Reached skill level 1 in Armour
   970 | D:2      | Found a shimmering altar of Xom.
  1005 | D:2      | Reached XP level 4. HP: 26/26 MP: 5/5
  1125 | D:2      | 1125 ||| READING scroll of enchant weapon.
  1125 | D:2      | 1125 ||| ENCHANTING +2 sling.
  1347 | D:2      | 1347 ||| READING 2 scrolls of identify.
  1347 | D:2      | 1347 ||| IDENTIFYING pink potion
  1348 | D:2      | 1348 ||| DROPPING potion of brilliance.
  1500 | D:3      | 1500 ||| Stepping ~*~*~tactically~*~*~ (outnumbered).
  1504 | D:3      | 1504 ||| Stepping ~*~*~tactically~*~*~ (outnumbered).
  1507 | D:3      | 1507 ||| Stepping ~*~*~tactically~*~*~ (outnumbered).
  1511 | D:3      | 1511 ||| Stepping ~*~*~tactically~*~*~ (outnumbered).
  1513 | D:3      | 1513 ||| Stepping ~*~*~tactically~*~*~ (outnumbered).
  1518 | D:3      | HP: 3/26 [gnoll/+0 spear[a gnoll bouda] (5)]
  1519 | D:3      | Slain by a gnoll bouda

Levels and vault maps discovered:
D:1:      ncdulo_smallfort, layout_basic,
          hellmonk_ecumenical_altar_defaced_shrine
D:2:      layout_rooms, basic_altar
D:3:      minmay_wonky_spiral, layout_loops_ring,
          mainiacjoe_overflow_divided_tiny, nicolae_grassy_gnolls

Skill      XL: |  1  2  3 |
---------------+----------+-----
Ranged Weapons | 3 |  3.8
Fighting       | 2 |  2.1
Armour         | 1 |  1.0
Dodging        | |  1.5
Spellcasting   | |  1.0
Hexes          | |  2.6

Action                     |  1- 3 |  4- 6 || total
---------------------------+-------+-------++-------
   Fire: Sling             |   150 |    64 ||   214
    Use: Scroll            |     3 |     2 ||     5
         Potion            |     3 |       ||     3
 Armour: Robe              |    13 |       ||    13
         Ring mail         |    28 |    19 ||    47
  Dodge: Dodged            |    52 |    22 ||    74

Table legend:
 A = Non-vault XP
 B = Vault XP
 C = Vault XP percentage of total XP
 D = Non-vault monster count
 E = Vault monster count
 F = Vault count percentage of total count
                 A         B        C        D         E       F
            +---------+---------+-------+---------+---------+-------
      Total |     101 |       5 |   4.7 |      53 |       2 |   3.6
            +---------+---------+-------+---------+---------+-------
        D:1 |      44 |       5 |  10.2 |      26 |       2 |   7.1
        D:2 |      51 |       0 |   0.0 |      23 |       0 |   0.0
        D:3 |       6 |       0 |   0.0 |       4 |       0 |   0.0
            +---------+---------+-------+---------+---------+-------
